[Event "Reykjavik Open 2022"]
[Site "Reykjavik"]
[Date "2022.04.09"]
[Round "5.39"]
[White "Filipovich, David"]
[Black "Mannion, Stephen R"]
[Result "1/2-1/2"]
[ECO "A11"]
[WhiteElo "1975"]
[BlackElo "2281"]
[Annotator "NA RC"]
[PlyCount "76"]
[EventDate "2022.04.06"]
[EventCountry "ISL"]
[SourceTitle "playchess.com"]
[Source "ChessBase"]
[SourceQuality "1"]
[TimeControl "40/5400+30:1800+30"]

1. Nf3 d5 2. g3 Bg4 3. Bg2 Nd7 4. c4 e6 5. cxd5 exd5 6. Nc3 c6 7. d3 Ngf6 8. O-O Bc5 9. h3 Bxf3 10. Bxf3 O-O 11. e4 dxe4 12. dxe4 Ne5 13. Be2 Qe7 14. Qc2 Rfe8 15. Kg2 Ned7 16. Bg5 h6 17. Bxf6 Nxf6 18. Bd3 Bd4 19. Rae1 Qc5 20. f4 Rad8 21. Rd1 a5 22. Rfe1 Kf8 23. Kh2 h5 24. e5 Nd5 25. Nxd5 Qxc2+ 26. Bxc2 Rxd5 27. Be4 Rdd8 28. Re2 Re7 29. Red2 c5 30. Bf3 g6 31. h4 Kg7 32. Kg2 f6 33. exf6+ Kxf6 34. Re2 Rxe2+ 35. Bxe2 Re8 36. Rd2 Re3 37. Bf3 Re1 38. Bxb7 Rb1 1/2-1/2

[Event "Reykjavik Open 2022"]
[Site "Reykjavik"]
[Date "2022.04.09"]
[Round "5.40"]
[White "Valkama, Eero"]
[Black "Carlsson, Gustav"]
[Result "1-0"]
[ECO "C05"]
[WhiteElo "2244"]
[BlackElo "1996"]
[Annotator "TA"]
[PlyCount "109"]
[EventDate "2022.04.06"]
[EventCountry "ISL"]
[SourceTitle "playchess.com"]
[Source "ChessBase"]
[SourceQuality "1"]
[TimeControl "40/5400+30:1800+30"]

1. e4 e6 2. d4 d5 3. Nd2 Nf6 4. e5 Nfd7 5. f4 c5 6. c3 Nc6 7. Ndf3 Qb6 8. a3 a5 9. b3 {[%emt 0:00:44] C05: French Tarrasch: 3...Nf6 4 e5 Nfd7, 5 f4 and 5 Bd3 sidelines.} Be7 10. Ne2 Qc7 {[%emt 0:10:23] [#]} 11. Be3 $146 {[%emt 0:06:21] The position is equal.} ({Predecessor:} 11. Ng3 O-O 12. Bd3 b6 13. f5 cxd4 14. fxe6 fxe6 15. cxd4 Ncxe5 16. Bxh7+ Kxh7 17. dxe5 Nxe5 {1-0 (29) Mrvova,A-Muller,V Bratislava 1993}) 11... b6 12. g4 h5 13. gxh5 Rxh5 14. Ng3 Rh8 15. Kf2 (15. Bb5 $142) 15... a4 (15... Bb7 $11) 16. b4 $14 c4 17. f5 (17. h4 $14) 17... Nf8 $1 $11 18. Qc2 exf5 (18... f6 $5 ) 19. Nxf5 Ne6 20. h4 g6 21. Ng3 (21. Nh6 $14) 21... Ng7 (21... Bd7 $11) 22. Bg2 $14 Nf5 23. Qd1 $2 (23. h5 $16 {hxg6 is the strong threat.} Nxg3 24. hxg6 Rxh1 25. Kxg3 Bh4+ 26. Nxh4 Rxa1 27. g7) 23... Nxg3 (23... Nxe3 $17 24. Kxe3 Bg4) 24. Kxg3 Bf5 (24... Qd7 $2 25. Ng5 $18) 25. Bf4 (25. Ng5 $5 f6 26. Bxd5 $1 fxg5 27. hxg5 $16) 25... Qd7 26. Ng5 Nd8 $2 (26... Be6 $11 {and Black is okay.}) 27. Qf3 $18 Be6 28. h5 (28. Nxe6 $18 Nxe6 29. Qxd5) 28... gxh5 $16 29. Rxh5 Rg8 30. Qe3 $2 (30. Kf2 $16) 30... Nc6 (30... Bg4 $17 31. Rh4 Bf5) 31. Kf2 (31. Kh2 $5 ) 31... O-O-O 32. Nh7 {[%emt 0:01:14] Active counter play!} (32. Rg1 $11) 32... Rg6 33. Bf3 ({White should try} 33. Rg1 $15) 33... Rdg8 (33... Bg4 $17 34. Rah1 Bxf3 35. Qxf3 Rdg8) 34. Rah1 $15 Bg4 35. Bxg4 (35. Rh6 $17) 35... Qxg4 $19 36. Qh3 {[%emt 0:00:05] [#]} Qxh3 37. R5xh3 Rg2+ 38. Kf3 Ra2 39. Rh6 {[%emt 0:00:46] [#]} Rg6 (39... Kb7 $1 $17 {keeps the pressure on.} 40. b5 Nd8) 40. Rxg6 $18 fxg6 41. Nf6 Rxa3 42. Nxd5 Bxb4 $2 (42... Bd8 43. Ke4 g5) 43. Ke4 Bxc3 44. Nxb6+ Kb7 45. Nxc4 Ra1 $2 (45... Rb3 46. d5 Rb4) 46. Rxa1 Bxa1 {[%emt 0:00:05][%mdl 4096] Endgame KBN-KBN} 47. d5 Ne7 48. d6 Nc6 49. d7 {[%emt 0:05:17][%cal Oc4a5] Threatening mate with Na5+!} Nd8 50. Kd5 {[%emt 0:01:47] White threatens Bg5 and mate.} Bc3 51. Bg5 Kc7 52. e6 {[%emt 0:00:09] White mates.} Bb4 53. Bxd8+ ({And not} 53. e7 Bxe7 54. Bxe7 Kxd7 $11) 53... Kxd8 54. Ne5 Kc7 55. Nc6 {[%emt 0:00:06] What a bad dream for Black.  Weighted Error Value: White=0.38/Black=0.67} 1-0

[Event "Reykjavik Open 2022"]
[Site "Reykjavik"]
[Date "2022.04.09"]
[Round "5.41"]
[White "Mahitosh Dey"]
[Black "Tirziman, Rudolf"]
[Result "1-0"]
[ECO "A47"]
[WhiteElo "2176"]
[BlackElo "1963"]
[Annotator "NA RC"]
[PlyCount "59"]
[EventDate "2022.04.06"]
[EventCountry "ISL"]
[SourceTitle "playchess.com"]
[Source "ChessBase"]
[SourceQuality "1"]
[TimeControl "40/5400+30:1800+30"]

1. d4 Nf6 2. Nf3 e6 3. Bf4 b6 4. e3 Bb7 5. Bd3 Nh5 6. Bg5 Be7 7. Bxe7 Qxe7 8. Nbd2 f5 9. c3 O-O 10. h3 Nf6 11. g4 Ne4 12. Rg1 Nxd2 13. Nxd2 Qh4 14. Qe2 fxg4 15. hxg4 Qh2 16. Rg3 Nc6 17. Nf1 Qh4 18. O-O-O Ne7 19. Nd2 a5 20. Be4 Bxe4 21. Nxe4 a4 22. a3 Rf7 23. Rdg1 Nd5 24. f4 h6 25. g5 h5 26. g6 Rff8 27. Ng5 Rf5 28. Kb1 Raf8 29. Qg2 Rxg5 30. fxg5 1-0

[Event "Reykjavik Open 2022"]
[Site "Reykjavik"]
[Date "2022.04.09"]
[Round "5.42"]
[White "Bartelt, Max Peter"]
[Black "Povah, Nigel E"]
[Result "1/2-1/2"]
[ECO "D01"]
[WhiteElo "1923"]
[BlackElo "2245"]
[Annotator "TA"]
[PlyCount "117"]
[EventDate "2022.04.06"]
[EventCountry "ISL"]
[SourceTitle "playchess.com"]
[Source "ChessBase"]
[SourceQuality "1"]
[TimeControl "40/5400+30:1800+30"]

1. d4 Nf6 2. Bg5 d5 3. Bxf6 gxf6 4. e3 c5 5. Nc3 e6 6. Qh5 {[%emt 0:05:38] D01: Veresov Opening.} cxd4 7. exd4 Nc6 8. O-O-O Bb4 9. Nge2 Bd7 10. f4 f5 11. g4 fxg4 12. f5 Rg8 {[%emt 0:11:53] And now ...Qg5+ would win.} 13. h4 {[%emt 0:09:03] [#] Against Qg5+} gxh3 $146 (13... exf5 14. Qxh7 Rf8 15. Re1 $11) ({Black should play} 13... Qa5 $1 $15) ({Predecessor:} 13... Qa5 14. Qxh7 O-O-O 15. h5 Rh8 16. Qg7 Rdg8 17. Qf6 Be7 18. Qxf7 Bg5+ 19. Kb1 Nd8 {0-1 (19) Meszaros,G (2425)-Neuman,P (2476) Slovakia 2011}) 14. Qxh7 (14. fxe6 $14 Bxe6 15. Bxh3 Qg5+ 16. Qxg5 Rxg5 17. Bxe6 fxe6 18. Nf4 Bxc3 19. bxc3 (19. Nxe6 Bxd4 20. Nxd4 Nxd4 $11)) 14... Qg5+ $11 15. Kb1 Qg7 (15... exf5 $2 16. Rg1 (16. Nxd5 O-O-O $16) 16... Qxg1 17. Nxg1 Rxg1 18. Qh8+ (18. Nxd5 O-O-O $18) 18... Bf8 19. Nb5 (19. Bxh3 Rxd1+ 20. Nxd1 Be6 $18) (19. Nxd5 O-O-O $18) 19... Rxf1 20. Rxf1 $18) (15... O-O-O $5 ) 16. Qh4 Qg5 (16... exf5 $2 17. Nxd5 Be7 18. Qxh3 $18) 17. Qf2 O-O-O (17... exf5 $2 18. Rg1 Qxg1 19. Nxg1 $18) 18. Bxh3 Bd6 19. Nb5 Bb8 20. c4 dxc4 21. d5 (21. Nec3 $11 {remains equal.}) 21... exd5 $17 22. Rxd5 Qf6 (22... Rh8 $17 23. Nec3 Qf4 24. Qxf4 Bxf4) 23. Nec3 $1 $11 {[%emt 0:06:21] Strongly threatening Ne4.} Rge8 {[%emt 0:03:05] Against Ne4} 24. Rhd1 Re5 (24... Qh6 $5 25. Qf1 Re3 $15) 25. Ka1 {[%emt 0:08:07] Threatens to win with Nd6+.} Rxd5 26. Nxd5 Qe5 (26... Be6 $2 {[#]} 27. fxe6 $1 Be5 28. Nd6+ $1 (28. Nxf6 $2 Rxd1#) 28... Rxd6 29. exf7+ (29. Nxf6 $2 Rxd1#) 29... Kb8 30. Qxf6 (30. Nxf6 $2 Rxd1#) 30... Bxf6 31. f8=Q+ $18) 27. Qc5 c3 28. bxc3 ({But not} 28. Nbxc3 Bd6 29. Qxd6 Qxd6 $15) 28... f6 $1 29. Nd4 Bd6 30. Qc4 Kb8 31. Bg2 (31. Nf3 $11 Qg3 32. Nxf6) 31... Nxd4 $17 32. cxd4 Qg3 ({Better is} 32... Qxf5 $17 {...Qg5 is the strong threat.} 33. Rb1 Bc8) 33. Bh1 (33. Be4 $1 $11) 33... Bxf5 34. Qb5 {[%emt 0:02:09] Against Re8} Bd7 35. Qb2 Ba3 36. Qb1 (36. Qb3 $17 Qxb3 37. axb3) 36... Bc6 $19 {[%emt 0:00:11] This bishop pair is nice.} 37. Rd3 Qd6 38. Ne3 $2 (38. Qb3) 38... Bxh1 39. Qxh1 Qa6 {[%emt 0:00:41] Prevents Nc4.} (39... Rc8 $19 40. Kb1 Qa6) 40. Rc3 $17 Bd6 41. Nf5 (41. Qf3 $17) 41... Bb4 $40 {[%emt 0:06:34][%mdl 128] Black has strong attack.} (41... Bc7 $19 42. Qf3 Qa5) 42. Rc2 $2 (42. Qh2+ $17 Ka8 43. Rc1) 42... Qd3 $1 $19 43. Qh2+ Ka8 44. Qc7 Rb8 {[%emt 0:00:07] Hoping for ...Ba3.} 45. a3 Qxa3+ ({And not} 45... Qxf5 46. axb4 Qg4 47. Qc5 $17) 46. Kb1 Qb3+ 47. Ka1 Qd3 48. Rc4 Ba5 49. Qc5 Bb6 50. Qd5 Re8 (50... Rh8 $142 51. Rc1 a6) 51. Qe6 Rb8 (51... Rxe6 $2 52. Rc8#) (51... Qa3+ $19 52. Kb1 Qb3+ 53. Kc1 Qa3+ 54. Kb1 Qb3+ 55. Ka1 Rb8) 52. Kb2 $2 {[%emt 0:02:07][%mdl 8192] Active counter play!} (52. Qd5 $1 $11 {and White is okay.} Rh8 53. Rc1) 52... a6 53. Nd6 (53. Rc3 $142 Qd2+ 54. Rc2 Qb4+ 55. Ka1) 53... Bxd4+ 54. Kc1 Rh8 $2 (54... Bc3 $19 {( -> ...Qd2+)} 55. Ne4 Bd4) 55. Rc8+ $11 {[%emt 0:00:18] The position is equal.} Ka7 56. Rxh8 {[%emt 0:00:20] Intending Nc8+ and mate. Really sharp!} Be3+ 57. Kb2 Bd4+ 58. Kc1 {[%emt 0:00:44] White wants to mate with Nc8+.} Be3+ 59. Kb2 {[%emt 0:00:13] Weighted Error Value: White=0.81/Black=0.53} 1/2-1/2

[Event "Reykjavik Open 2022"]
[Site "Reykjavik"]
[Date "2022.04.09"]
[Round "5.43"]
[White "Green, Per"]
[Black "Cherniack, Alex"]
[Result "1/2-1/2"]
[ECO "A31"]
[WhiteElo "1946"]
[BlackElo "2213"]
[Annotator "TA"]
[PlyCount "116"]
[EventDate "2022.04.06"]
[EventCountry "ISL"]
[SourceTitle "playchess.com"]
[Source "ChessBase"]
[SourceQuality "1"]
[TimeControl "40/5400+30:1800+30"]

1. c4 c5 2. g3 Nc6 3. Bg2 g6 4. Nc3 Bg7 5. Nf3 d6 6. O-O Nf6 7. d4 cxd4 8. Nxd4 Bd7 9. Nxc6 {[%emt 0:01:03] A31: Symmetrical English: 2 Nf3 Nf6 3 d4.} Bxc6 10. e4 O-O {[%emt 0:02:15] 10...h5 deserves study.} 11. Qe2 {[%emt 0:04:48] White is slightly better.} Nd7 12. Bd2 a6 13. Rac1 b5 {[%emt 0:12:53] [#]} 14. b3 $146 ({Predecessor:} 14. cxb5 axb5 15. a3 Ne5 16. Bf4 Qb6 17. Nd5 Bxd5 18. exd5 b4 19. Be3 {1-0 (36) Danielian,E (2466)-Golubenko,V (2278) Khanty-Mansiysk 2010}) 14... bxc4 15. Qxc4 Ne5 16. Qe2 Bb7 17. f4 Nc6 18. Be3 Rc8 19. Na4 Qa5 (19... Nd4 $11 20. Qd2 e5) 20. Qf2 $16 {[%emt 0:07:45] aiming for Nb6.} Nb4 21. Qd2 {[%emt 0:02:28] Inhibits Nd3.} Qb5 22. Rfd1 Rxc1 23. Rxc1 Rc8 $2 (23... a5 $16) 24. Rxc8+ $18 Bxc8 {[%emt 0:00:03] [#]} 25. Bf1 $2 (25. Nb6 $1 $18 {[%cal Rb6c8] and the rest is easy.} Bb7 26. Bf1) 25... Qb7 (25... Qb8 $142) 26. Nb6 $16 Nc6 27. Nxc8 Qxc8 28. Bc4 Bf8 29. Qd5 {[%emt 0:09:08] &Bianco is more active.} ({White should try} 29. Qd3 $16) 29... e6 $14 30. Qd2 Qb7 31. Bf2 Nb4 (31... a5 $14) 32. a3 $36 {[%emt 0:04:16][%mdl 2048] White is really pushing.} Nc6 33. b4 {[%emt 0:01:04] Against a5} Nb8 34. Qd3 Be7 35. h3 (35. Bd4 $142) 35... Bf8 36. Kh2 Be7 37. Be3 Bf8 38. g4 Qc7 39. Kg2 (39. Bxa6 $6 Nxa6 40. Qxa6 Qc2+ 41. Kg3 Qxe4 $15) 39... Qb7 (39... Bg7 $16 40. Bd2 (40. Bxa6 Nxa6 41. Qxa6 Qc2+ 42. Kf3 Qd1+ 43. Kg3 Bd4 $11) 40... Qc6) 40. Kg1 (40. f5 $18 exf5 41. gxf5) 40... Be7 {[%emt 0:00:00] [#]} (40... Qc7 $16 {was called for.} 41. Kg2 Bg7) 41. Bf2 (41. f5 $1 $18 Qd7 42. Qc3) 41... Bf8 42. Bh4 Qc7 43. f5 Nc6 (43... d5 $16 44. exd5 exf5) 44. Bg3 $2 {[%emt 0:01:19] This bishop pair is nice.} ({Don't take} 44. Bxa6 $6 Ne5 45. Qe3 Nc4 $16) (44. fxe6 $18 Ne5 45. exf7+ Kg7 46. Qf1) 44... Ne5 (44... gxf5 $11 45. exf5 exf5) 45. Bxe5 dxe5 46. fxe6 fxe6 47. Bxe6+ Kg7 {[%emt 0:00:28] Hoping for ...Qb6+.} 48. Bc4 a5 49. b5 ({White should play} 49. Qd5 $16 {And now g5 would win.} Qd6 50. bxa5) 49... Qc5+ {[%emt 0:01:24] The position is equal.} 50. Kg2 Qxa3 51. Qxa3 Bxa3 $11 {[%emt 0:00:05][%mdl 4096] Endgame KB-KB} 52. Kf3 Bc5 53. Bb3 g5 54. Ke2 Kf6 55. Kd3 Ke7 56. Kc4 Kd6 57. Ba4 h6 58. Bb3 Bb6 {[%emt 0:00:13] Weighted Error Value: White=0.23 (precise) /Black=0.22 (precise)} 1/2-1/2

[Event "Reykjavik Open 2022"]
[Site "Reykjavik"]
[Date "2022.04.09"]
[Round "5.44"]
[White "Jaksland, Tim"]
[Black "Ragnarsson, Johann"]
[Result "1-0"]
[ECO "B13"]
[WhiteElo "2201"]
[BlackElo "1919"]
[Annotator "NA RC"]
[PlyCount "65"]
[EventDate "2022.04.06"]
[EventCountry "ISL"]
[SourceTitle "playchess.com"]
[Source "ChessBase"]
[SourceQuality "1"]
[TimeControl "40/5400+30:1800+30"]

1. e4 c6 2. d4 d5 3. exd5 cxd5 4. Bd3 Nc6 5. c3 Qc7 6. Ne2 Bg4 7. O-O e6 8. Qe1 Bd6 9. f3 Bh5 10. Qh4 Bg6 11. Bxg6 fxg6 12. Bf4 Nge7 13. Bxd6 Qxd6 14. Qf4 Nf5 15. Qxd6 Nxd6 16. Nd2 O-O 17. Rae1 e5 18. dxe5 Nxe5 19. Nc1 Nec4 20. Nxc4 dxc4 21. Rd1 Nf5 22. Rfe1 Rad8 23. Kf2 Kf7 24. Ne2 Rfe8 25. g4 Ne7 26. Nd4 Nd5 27. Rxe8 Rxe8 28. Nb5 Re5 29. Nd6+ Kf6 30. Nxc4 Nxc3 31. bxc3 Rc5 32. Nd6 Ke5 33. Ne4 1-0

[Event "Reykjavik Open 2022"]
[Site "Reykjavik"]
[Date "2022.04.09"]
[Round "5.45"]
[White "Player, Edmund C"]
[Black "Gudmundsson, Gunnar Erik"]
[Result "1-0"]
[ECO "B31"]
[WhiteElo "2196"]
[BlackElo "1906"]
[Annotator "TA"]
[PlyCount "93"]
[EventDate "2022.04.06"]
[EventCountry "ISL"]
[SourceTitle "playchess.com"]
[Source "ChessBase"]
[SourceQuality "1"]
[TimeControl "40/5400+30:1800+30"]

1. e4 c5 2. Nf3 Nc6 3. Bb5 g6 4. Bxc6 dxc6 5. d3 Bg7 6. h3 e5 7. Be3 b6 8. a4 {[%emt 0:02:38][%cal Oa4a5] B31: Sicilian: 2...Nc6 3 Bb5 g6.} a5 9. Nbd2 Qc7 10. Nc4 {[%emt 0:01:57] White has an edge.} Be6 11. O-O Ne7 (11... Bxc4 $5 12. dxc4 Nf6 $11) 12. Nfd2 O-O 13. b4 axb4 14. a5 $1 bxa5 15. Bxc5 {[%emt 0:00:16] [#]} Rfe8 $146 ({Predecessor:} 15... Rfd8 16. Bb6 Qd7 17. Bxd8 Qxd8 18. Qb1 f5 19. Qb3 Kh8 20. Ra4 fxe4 21. Nxe4 Nd5 {1-0 (33) Derraugh,G (2169)-Xie,B (2050) Chess.com INT 2020}) 16. Ra4 Qb8 $2 {[%emt 0:11:05] [#] White stays focused until the end.} (16... Nd5 $1 $11 17. Qa1 (17. exd5 cxd5 18. Nd6 Reb8 $17) 17... Nf4) 17. Qa1 $1 $16 ({Much less strong is} 17. Rxa5 $6 Rxa5 18. Nxa5 Qb5 $14) ({Don't go for} 17. Nxa5 $2 Qb5 18. Qa1 Qxc5 $19) 17... Qb5 18. Rxa5 {[%emt 0:13:45] &Bianco is more active.} Rxa5 19. Qxa5 Bxc4 (19... Qxa5 $16 20. Nxa5 Ra8) 20. Nxc4 $18 {[%emt 0:00:12] Hoping for Qa7.} Nc8 {[%emt 0:02:21] Inhibits Qa7.} (20... Qxa5 $142 21. Nxa5 Ra8) 21. Qxb4 Qxb4 22. Bxb4 Bf8 23. Bxf8 Kxf8 {[%emt 0:00:10][%mdl 4096] Endgame KRN-KRN} 24. Rb1 f6 25. Na5 Ne7 26. Rb6 Rc8 27. Kf1 Kf7 28. Ke2 f5 (28... Ke6 {was necessary.} 29. Ke3 Kd6) 29. Nc4 {[%emt 0:01:26] [#] Threatens to win with Nd6+.} Ke6 {[%emt 0:01:14] Against Nd6} 30. Rb7 fxe4 31. dxe4 Re8 32. Ra7 g5 33. g3 h5 34. Rc7 h4 35. gxh4 gxh4 36. Ke3 Rc8 $2 (36... Rf8 37. Nxe5 Nf5+ 38. exf5+ Kxe5 39. Rxc6 Kxf5) 37. Rxc8 {[%emt 0:00:24] White is clearly winning.} Nxc8 {[%emt 0:00:02] KN-KN} 38. Kf3 Ne7 39. Kg4 Kf6 40. Kxh4 Ng6+ 41. Kg4 Nf4 42. h4 Ne2 43. h5 Nd4 44. Ne3 Ne2 45. Kh4 Nc3 46. Ng4+ Kg7 47. f3 {[%emt 0:00:32] Weighted Error Value: White=0.09 (flawless) /Black=0.22 (precise)} 1-0

[Event "Reykjavik Open 2022"]
[Site "Reykjavik"]
[Date "2022.04.09"]
[Round "5.46"]
[White "Schultze, Joerg-Martin"]
[Black "Coursaget, Nicolas"]
[Result "0-1"]
[ECO "D13"]
[WhiteElo "1932"]
[BlackElo "2185"]
[Annotator "NA RC"]
[PlyCount "71"]
[EventDate "2022.04.06"]
[EventCountry "ISL"]
[SourceTitle "playchess.com"]
[Source "ChessBase"]
[SourceQuality "1"]
[TimeControl "40/5400+30:1800+30"]

1. d4 d5 2. c4 c6 3. cxd5 cxd5 4. Nc3 Nf6 5. Nf3 Nc6 6. Bf4 e6 7. e3 a6 8. Bd3 Be7 9. Rc1 Bd7 10. O-O b5 11. Ne5 Qb6 12. a4 Nxe5 13. Bxe5 O-O 14. axb5 axb5 15. Qb3 b4 16. Ra1 Ra5 17. Na4 Qa7 18. Bc2 Bb5 19. Bxf6 gxf6 20. e4 Bxf1 21. Rxf1 dxe4 22. Nc5 Bxc5 23. dxc5 Qxc5 24. Bxe4 Qd4 25. Bf3 Rc8 26. Bb7 Rd8 27. h3 Rc5 28. Ba6 Qd2 29. Bc4 Rd4 30. Qg3+ Rg5 31. Qb8+ Kg7 32. b3 Qc3 33. Rb1 Qxh3 34. g3 Rh4 35. Qb7 Qh2+ 36. Kf1 0-1

[Event "Reykjavik Open 2022"]
[Site "Reykjavik"]
[Date "2022.04.09"]
[Round "5.47"]
[White "Mai, Alexander Oliver"]
[Black "Haraldsson, Haraldur"]
[Result "1-0"]
[ECO "B45"]
[WhiteElo "2207"]
[BlackElo "1936"]
[Annotator "NA RC"]
[PlyCount "47"]
[EventDate "2022.04.06"]
[EventCountry "ISL"]
[SourceTitle "playchess.com"]
[Source "ChessBase"]
[SourceQuality "1"]
[TimeControl "40/5400+30:1800+30"]

1. e4 c5 2. Nf3 e6 3. d4 cxd4 4. Nxd4 Nf6 5. Nc3 Nc6 6. Nxc6 bxc6 7. e5 Nd5 8. Ne4 f5 9. exf6 Nxf6 10. Nd6+ Bxd6 11. Qxd6 Qe7 12. Bf4 Ne4 13. Qxe7+ Kxe7 14. f3 Nf6 15. O-O-O d5 16. Bd3 Kf7 17. Rhe1 Re8 18. Re3 g6 19. Rde1 Bb7 20. Bd6 Nd7 21. h4 c5 22. Bb5 Nb6 23. Bxe8+ Rxe8 24. Bxc5 1-0

[Event "Reykjavik Open 2022"]
[Site "Reykjavik"]
[Date "2022.04.09"]
[Round "5.48"]
[White "Karason, Askell O"]
[Black "Hughes, Anthony"]
[Result "1-0"]
[ECO "D36"]
[WhiteElo "2186"]
[BlackElo "1873"]
[Annotator "NA RC"]
[PlyCount "83"]
[EventDate "2022.04.06"]
[EventCountry "ISL"]
[SourceTitle "playchess.com"]
[Source "ChessBase"]
[SourceQuality "1"]
[TimeControl "40/5400+30:1800+30"]

1. d4 d5 2. c4 e6 3. Nc3 Nf6 4. cxd5 exd5 5. Bg5 c6 6. e3 h6 7. Bh4 Be7 8. Qc2 O-O 9. Bd3 Re8 10. Nge2 a5 11. O-O b5 12. Rad1 b4 13. Na4 Ne4 14. Bxe4 Bxh4 15. Bh7+ Kh8 16. Bd3 Ba6 17. Bxa6 Rxa6 18. Qd3 Ra7 19. Rc1 Be7 20. Rc2 Bd6 21. Ng3 g6 22. Nc5 h5 23. Rfc1 Qg5 24. Nf1 f5 25. f3 Qf6 26. Rf2 Qg5 27. Rfc2 Qf6 28. b3 h4 29. Qd1 Bf8 30. Nd3 Bd6 31. f4 Rh7 32. Ne5 Bxe5 33. dxe5 Qe6 34. Nd2 d4 35. exd4 h3 36. Nf3 Qd5 37. Ng5 Rd7 38. Rd2 Na6 39. Qe2 Nc7 40. Qd3 Nb5 41. Qxh3+ Kg8 42. Rc5 1-0

[Event "Reykjavik Open 2022"]
[Site "Reykjavik"]
[Date "2022.04.09"]
[Round "5.49"]
[White "Vemparala, Nikash"]
[Black "De Coninck, Rafael"]
[Result "1-0"]
[ECO "C01"]
[WhiteElo "1998"]
[BlackElo "2119"]
[Annotator "NA RC"]
[PlyCount "73"]
[EventDate "2022.04.06"]
[EventCountry "ISL"]
[SourceTitle "playchess.com"]
[Source "ChessBase"]
[SourceQuality "1"]
[TimeControl "40/5400+30:1800+30"]

1. e4 e6 2. d4 d5 3. exd5 exd5 4. Nf3 c6 5. Bd3 Bd6 6. O-O Ne7 7. Re1 O-O 8. c3 Bf5 9. Bg5 f6 10. Bh4 Bxd3 11. Qxd3 Nd7 12. Bg3 Bxg3 13. hxg3 Re8 14. Nbd2 Nf8 15. Nf1 Qd7 16. Ne3 Nc8 17. g4 Ng6 18. g5 fxg5 19. Nxg5 Nd6 20. Qd1 h6 21. Qc2 Ne4 22. Nxe4 Rxe4 23. c4 Rae8 24. cxd5 cxd5 25. Rac1 Qe7 26. Qc7 Qg5 27. Qd7 Nf4 28. Rc8 Rxe3 29. Rxe8+ Kh7 30. g4 Re6 31. R1xe6 Qxg4+ 32. Kf1 Qg2+ 33. Ke1 Qg1+ 34. Kd2 Qxf2+ 35. Kc3 Qf1 36. Rh8+ Kxh8 37. Re8+ 1-0

[Event "Reykjavik Open 2022"]
[Site "Reykjavik"]
[Date "2022.04.09"]
[Round "5.50"]
[White "Finnbogadottir, Tinna Kristin"]
[Black "Bergsson, Stefan"]
[Result "0-1"]
[ECO "A48"]
[WhiteElo "1848"]
[BlackElo "2095"]
[Annotator "TA"]
[PlyCount "128"]
[EventDate "2022.04.06"]
[EventCountry "ISL"]
[SourceTitle "playchess.com"]
[Source "ChessBase"]
[SourceQuality "1"]
[TimeControl "40/5400+30:1800+30"]

1. d4 Nf6 2. Nf3 g6 3. e3 Bg7 4. Bd3 O-O 5. O-O c5 6. c3 d6 7. Nbd2 Nc6 8. Re1 {[%emt 0:05:34] A48: 1 d4 Nf6 2 Nf3 g6: Torre, London and Colle Systems.} e5 9. dxc5 dxc5 10. Qc2 {[%emt 0:02:17] The position is equal.} Qc7 11. e4 {[%emt 0:02:26] [#]} Bg4 $146 ({Predecessor:} 11... b6 12. Nf1 h6 13. Ne3 Be6 14. Bb5 Ne7 15. Bc4 {½-½ (15) Horak,V (2155)-Belohlav,J (1977) Czech Republic 2004}) 12. Bf1 Rab8 13. g3 b5 14. Bg2 Rfd8 15. Nf1 h6 16. Be3 c4 17. Rad1 a5 18. h3 Be6 19. a3 Rdc8 20. g4 Nd7 21. Ng3 Nb6 {[%emt 0:02:13] [#]} (21... Ne7 $11 {remains equal.}) 22. Nh2 (22. Nf5 $1 $16) 22... b4 23. axb4 axb4 24. Qc1 (24. h4 $1 $11) 24... Kh7 (24... Na4 $15 {deserves consideration.} 25. Nf5 g5) 25. Bc5 (25. Nf5 $1 $11) 25... Bf8 $2 (25... Rd8 $17 {keeps the pressure on. Strongly threatening ...Na4.} 26. Qc2 (26. cxb4 Na4 $17) 26... b3) 26. Bxf8 $16 ({Stronger than} 26. cxb4 f6 27. Bxf8 Rxf8 $15) 26... Rxf8 {[%emt 0:00:02] [#]} 27. Qe3 ({White has to play} 27. Nf5 $1 $16 g5 (27... Bxf5 28. exf5) 28. h4) 27... Na4 28. Rd2 (28. Nf5 $1 $11 {was the only way to keep the balance.} g5 29. Rd2) 28... bxc3 (28... Rfd8 $17 29. Nf3 Rd3 30. Rxd3 cxd3) 29. bxc3 $15 Rb3 30. Rc1 {[%emt 0:00:07] [#]} (30. Nf5 $1 $15 gxf5 31. exf5 Rxc3 32. Qe4) 30... Nb4 31. Nf5 $1 $11 gxf5 {[%emt 0:14:39] Active counter play!} 32. gxf5 {[%emt 0:00:07] Ng4 is the strong threat.} Bc8 $2 (32... Nd3 $11 {and Black has nothing to worry.} 33. Rxd3 cxd3) 33. Ng4 $18 Qc6 {[%emt 0:04:32] aiming for ...Nd3.} 34. Nxe5 Qa6 {[%emt 0:00:48][%cal Ob4d3] [#]} 35. Bf1 {[%emt 0:04:19] Against Nd3} ({White must play} 35. Ng4 $1 $18 {Threatens to win with e5.} Nd3 36. Ra1) 35... Nd3 $11 36. Nxd3 (36. Bxd3 $11 {might be stronger.} cxd3 37. Rxd3) 36... cxd3 37. Bxd3 Qf6 38. e5 Rg8+ (38... Qg5+ $11 39. Qxg5 hxg5) 39. Kf1 $2 (39. Kh2 $1 $14 {was the only good move.} Qh4 40. e6) 39... Qh4 $36 {[%emt 0:00:28][%mdl 2048] Black is really pushing.} 40. Ra1 $2 (40. e6 $17 {nothing else works.} Nb2 41. exf7) 40... Rxc3 $19 41. f6+ (41. e6 $142 Nc5 42. exf7) 41... Kh8 42. Rxa4 Rc1+ 43. Ke2 Qh5+ 44. Qf3 {[%emt 0:05:56] [#]} Re1+ $1 {[%emt 0:00:30][%mdl 576] Skewer, Deflection} 45. Kxe1 Qxf3 46. Rh4 Rg1+ 47. Bf1 Rxf1+ 48. Kxf1 Bxh3+ (48... Qh1+ $142 49. Ke2 Ba6+ 50. Ke3 Qe1+ 51. Kf4 Qxd2+ 52. Kg3 Qc3+ 53. Kf4 Qc4+ 54. Kg3 Qc3+ 55. Kf4 Qc1+ 56. Kf5 Qc2+ 57. Kf4 Qxf2+ 58. Ke4 Qxh4+ 59. Ke3 Qe1+ 60. Kd4 Qb4+ 61. Ke3 Qc3+ 62. Kf4 Bb7 63. e6 Qf3+ 64. Ke5 Qd5+ 65. Kf4 Qg5#) 49. Ke1 Qh1+ {[%emt 0:00:12] Black mates.} 50. Ke2 Bf1+ 51. Ke1 Qxh4 52. Kxf1 {[%emt 0:00:08] KQ-KR} Qh1+ 53. Ke2 Qh5+ 54. f3 Qxe5+ 55. Kf2 Qxf6 56. Re2 h5 57. Kg2 Qg5+ 58. Kf2 f5 59. Re1 h4 60. Rg1 Qd2+ 61. Kf1 h3 62. f4 Qxf4+ 63. Ke2 h2 64. Ra1 Qe5+ {[%emt 0:00:43] Quite a comeback for Black.  Weighted Error Value: White=0.90/Black=0.40} 0-1